 Dungeon Crawl Stone Soup version 0.31-a0-750-gfe7b580527 (webtiles) character file.

Game seed: 1148065418364485166

1511 LeprechaunX the Changeling (level 8, -9/54 HPs)
             Began as an Octopode Shapeshifter on Sept 14, 2023.
             Shot with an arrow by a centaur (13 damage)
             ... on level 7 of the Dungeon.
             The game lasted 00:09:06 (5244 turns).

LeprechaunX the Changeling (Octopode Shapeshifter)  Turns: 5244, Time: 00:09:07

Health: -9/54      AC:  1    Str: 22    XL:     8   Next: 83%
Magic:  8/8        EV: 14    Int: 12    God:
Gold:   319        SH:  0    Dex: 11    Spells: 7/7 levels left

rFire   . .          .
                       - Unarmed
rCold   . . .        (no shield)
rNeg    . . .        (helmet currently unavailable)
rPois   .            (no amulet)
rElec   .            j - +6 ring of strength
rCorr   .            e - ring of fire
SInv    .            y - ring of ice
Will    +....        B - ring of willpower
Stlth   ++           (no ring)
HPRegen 0.29/turn    (no ring)
MPRegen 0.11/turn    (no ring)
                     (no ring)

%: no passive effects
@: beast-form
A: beast (slay +4), almost no armour, amphibious, 8 rings, camouflage 1,
gelatinous body 1, (nimble swimmer 1), tentacles
a: Begin Untransformation


You were on level 7 of the Dungeon.
You were a hulking beast.
You visited 2 branches of the dungeon, and saw 8 of its levels.

You collected 319 gold pieces.

Inventory:

Missiles
 o - 4 boomerangs (quivered)
 p - 4 throwing nets
Armour
 z - a +2 hat
Jewellery
 e - a ring of fire (right tentacle)
 j - a +6 ring of strength (left tentacle)
 y - a ring of ice (on tentacle)
 B - a ring of willpower (on tentacle)
 D - a ring of wizardry
Talismans
 b - a beast talisman (active)
 c - a flux talisman
 q - a serpent talisman
Wands
 x - a wand of quicksilver (15)
 C - a wand of mindburst (10)
Scrolls
 g - a scroll of fog {unknown}
 h - 2 scrolls of teleportation {unknown}
 k - 2 scrolls of enchant weapon {unknown}
 l - a scroll of amnesia {unknown}
 n - a scroll of vulnerability {unknown}
 r - 2 scrolls of fear {unknown}
 s - 2 scrolls of poison {unknown}
 t - 3 scrolls of identify {unknown}
Potions
 a - a potion of lignification
 d - 2 potions of haste {unknown}
 f - a potion of might {unknown}
 i - a potion of brilliance {unknown}
 m - a potion of degeneration {unknown}
 u - a potion of ambrosia {unknown}
 v - a potion of curing {unknown}
 w - a potion of attraction {unknown}
 A - a potion of mutation {unknown}


   Skills:
 + Level 4.7 Fighting
 - Level 5.0 Dodging
 + Level 5.6 Unarmed Combat
 * Level 7.0 Shapeshifting


You had 7 spell levels left.
You didn't know any spells.
Your spell library contained the following spells:

 Spells                   Type           Power      Damage    Failure   Level
 Summon Small Mammal      Summ           0%         N/A       32%         1
 Ensorcelled Hibernation  Hex/Ice        0%         N/A       45%         2
 Jinxbite                 Hex            0%         N/A       45%         2
 Passwall                 Tmut/Erth      0%         N/A       45%         2
 Call Canine Familiar     Summ           0%         N/A       69%         3
 Summon Guardian Golem    Hex/Summ       0%         N/A       69%         3
 Swiftness                Air            0%         N/A       69%         3
 Anguish                  Hex/Necr       0%         N/A       97%         4
 Orb of Destruction       Conj           0%         9d5       100%        7
 Spellforged Servitor     Conj/Summ      0%         N/A       100%        7


Dungeon Overview and Level Annotations

Branches:
Dungeon (7/15)             Temple (1/1) D:5

Altars:
Cheibriados
Dithmenos
Fedhas
Kikubaaqudgha
Makhleb
Nemelex Xobeh
Okawaru
Qazlal
Ru
Uskayaw
Wu Jian
Xom
Yredelemnul
Zin


Innate Abilities, Weirdness & Mutations

You are a hulking beast.
Your limbs bulge with bestial killing power. (Slay +4)
You cannot wear most types of armour.
You are amphibious.
You can wear up to eight rings at the same time.
Your skin changes colour to match your surroundings (Stealth+).
Your rubbery body absorbs attacks. (AC +1, EV +1)
((You are camouflaged when in or above water. (Stealth+)))
You have tentacles for arms and can constrict up to eight enemies at once.


Message History

You add the spells Passwall and Swiftness to your library.
You open the door.
A centaur comes into view.
Found a helmet.
A hound, a bullfrog and a scorpion come into view.
Found four items.
The centaur shouts!
The bullfrog croaks.
The bullfrog closely misses you. The centaur misses you.
The centaur closely misses you.
You hear a howl!
There is an open door here.
The bullfrog closely misses you.
You barely miss the bullfrog. You grab the bullfrog.
You constrict the bullfrog. The bullfrog misses you.
You tentacle-slap the bullfrog.
The bullfrog is moderately wounded.
You constrict the bullfrog. The bullfrog hits you.
You barely miss the bullfrog. You squeeze the bullfrog.
The bullfrog is severely wounded.
You constrict the bullfrog. The bullfrog hits you! The bullfrog hits you.
You bludgeon the bullfrog!
You kill the bullfrog!
The hound bites you.
Training target 5.0 for Dodging reached!
Your Dodging skill increases to level 5!
You closely miss the hound. You grab the hound. You constrict the hound.
The hound completely misses you.
You bludgeon the hound! You squeeze the hound.
The hound is almost dead.
You constrict the hound.
You kill the hound!
A gargoyle comes into view. It is wielding a +0 flail.
Your Shapeshifting skill increases to level 7!
The centaur wields a +0 shortbow.
The centaur shoots an arrow.
The arrow hits you!
The centaur shoots an arrow.
The arrow barely misses you.
The centaur shoots an arrow.
The arrow hits you!
* * * LOW HITPOINT WARNING * * *
The centaur shoots an arrow.
The arrow hits you!
You die...

.....# ......
..9.# #...
#[..### #...†.#
#(..#c# #..?#.#
....##h########
.s....#.........#
.....##.........#
[..###..........#
### #..........#
# ####...#.### ..
# #.#.#..## .##.#
#.#.##..####....#
..#.###...##.##..


You could see a centaur.

Vanquished Creatures
  2 ice beasts
  A black bear (D:6)
  2 ogres
  2 phantoms
  A bullfrog (D:7)
  3 scorpions (D:6)
  A howler monkey (D:6)
  5 hounds
  An orc priest (D:4)
  A jelly (D:5)
  A sleepcap (D:6)
  A gnoll bouda (D:4)
  An iguana (D:5)
  2 orc wizards
  A mummy (D:6)
  12 gnolls
  10 adders
  A white imp (D:5)
  3 dart slugs
  8 orcs
  9 ball pythons
  7 endoplasms
  3 giant cockroaches
  4 goblins
  9 hobgoblins
  7 kobolds
  3 quokkas
  5 bats
  A frilled lizard (D:2)
  8 rats
115 creatures vanquished.

Notes
Turn   | Place    | Note
-------+----------+-------------------------------------------
     0 | D:1      | LeprechaunX the Octopode Shapeshifter began the quest for
                  | the Orb.
     0 | D:1      | Reached XP level 1. HP: 13/13 MP: 1/1
    73 | D:1      | Reached XP level 2. HP: 12/18 MP: 2/2
   316 | D:1      | Reached XP level 3. HP: 17/23 MP: 3/3
   886 | D:2      | Reached XP level 4. HP: 28/29 MP: 4/4
   994 | D:2      | Reached skill level 4 in Shapeshifting
  1012 | D:2      | Reached XP level 5. HP: 33/34 MP: 5/5
  1694 | D:3      | Found a stormy altar of Qazlal.
  1703 | D:3      | Reached XP level 6. HP: 41/41 MP: 6/6
  1805 | D:3      | Found a faded altar of an unknown god.
  1937 | D:3      | Found a shadowy altar of Dithmenos.
  2070 | D:4      | Identified the +2 mace of Duprearph {drain, rPois rF-
                  | Str+9}
  2829 | D:4      | Reached skill level 5 in Shapeshifting
  2863 | D:4      | Reached XP level 7. HP: 19/46 MP: 7/7
  3339 | D:5      | Entered Level 5 of the Dungeon
  3624 | D:5      | Found a basalt altar of Yredelemnul.
  3904 | D:5      | Found a staircase to the Ecumenical Temple.
  3976 | Temple   | Entered the Ecumenical Temple
  4099 | D:6      | Found a snail-covered altar of Cheibriados.
  4116 | D:6      | Found a sparkling altar of Nemelex Xobeh.
  4275 | D:6      | Found a glowing silver altar of Zin.
  4339 | D:6      | Reached skill level 6 in Shapeshifting
  4339 | D:6      | Reached XP level 8. HP: 53/54 MP: 8/8
  4375 | D:6      | Reached skill level 5 in Unarmed Combat
  5239 | D:7      | Reached skill level 5 in Dodging
  5240 | D:7      | Noticed a gargoyle
  5241 | D:7      | Reached skill level 7 in Shapeshifting
  5244 | D:7      | Shot with an arrow by a centaur

Illustrated notes

Levels and vault maps discovered:
D:1:      tarquinn_simple_flora_water_d, layout_basic
D:2:      layout_basic
D:3:      layout_rooms, old_standard_altar, grunt_dithmenos_smoke,
          ebering_ecumenical_altar_sacrificial, dk_noncrumbling_4
D:4:      layout_layer_cave, nicolae_eternal_life
D:5:      layout_gridville, mainiacjoe_overflow_boulevard,
          minmay_temple_entry_poolview
D:6:      layout_loops_ring, slow_altar_1, nicolae_overflow_hidden_temple,
          mainiacjoe_overflow_paths, zin_statuary
D:7:      kennysheep_kobold_camp, layout_rooms, amcnicky_altar_gilded,
          jmf_multi_god_temple2, nicolae_ossuary_entry_plus, grunt_potential
Temple:   hellmonk_temple_beads

Skill      XL: |  1  2  3  4  5  6  7  8 |
---------------+-------------------------+-----
Fighting       | 2 3 4 |  4.7
Shapeshifting  | 4 5 6 7 |  7.0
Dodging        | 3 4 5 |  5.0
Unarmed Combat | 4 5 |  5.6

Action                     |  1- 3 |  4- 6 |  7- 9 || total
---------------------------+-------+-------+-------++-------
  Melee: Unarmed           |    61 |   102 |    81 ||   244
         Constrict         |    19 |    23 |    18 ||    60
         Tentacles         |    11 |    22 |    22 ||    55
         Punch             |     3 |     2 |     1 ||     6
  Throw: Boomerang         |       |    16 |    40 ||    56
   Stab: Sleeping          |     6 |     5 |     3 ||    14
         Distracted        |       |       |     1 ||     1
 Armour: Skin              |    27 |    34 |    30 ||    91
  Dodge: Dodged            |    44 |    60 |    41 ||   145

Table legend: (Time is in decaauts)
 A = Elapsed time spent in this place.
 B = Non-inter-level travel time spent in this place.
 C = Inter-level travel time spent in this place.
 D = Time resting spent in this place.
 E = Time spent auto-exploring this place.
 F = Levels seen in this place.
 G = Mean time per level.
                   A        B        C        D        E       F      G
               +--------+--------+--------+--------+--------+-----+--------+
         Total |   5236 |   5023 |    213 |    185 |   4037 |   8 |  654.5 |
       Dungeon |   5235 |   5023 |    212 |    185 |   4037 |   7 |  747.9 |
        Temple |      1 |      1 |      0 |      0 |      0 |   1 |    1.0 |
               +--------+--------+--------+--------+--------+-----+--------+

Top non-repeatable levels by time:
     D:4: 1353 daAuts
     D:6: 1076 daAuts
     D:2: 816 daAuts
     D:5: 740 daAuts
     D:1: 649 daAuts
     D:3: 512 daAuts
     D:7: 87 daAuts
  Temple: 1 daAuts
